 Dungeon Crawl Stone Soup version 0.22-a0-775-ga7d80019b5 (webtiles) character file.

1217 Mirvelgyr the Cleaver (level 8, -3/96 HPs)
             Began as a Minotaur Berserker on July 18, 2018.
             Was a Priest of Trog.
             Slain by an orc warrior
             ... wielding a +0 battleaxe
              (11 damage)
             ... on level 6 of the Dungeon.
             The game lasted 00:04:22 (4308 turns).

Mirvelgyr the Cleaver (Minotaur Berserker)          Turns: 4308, Time: 00:04:23

Health: -3/96      AC:  5    Str: 33    XL:     8   Next: 22%
Magic:  7/7        EV: 12    Int:  4    God:    Trog [***...]
Gold:   274        SH:  0    Dex:  9    Spells: 7/7 levels left

rFire    . . .     SeeInvis .   r - +0 war axe
rCold    . . .     Gourm    .   (no shield)
rNeg     . . .     Faith    .   e - +0 leather armour
rPois    .         Spirit   .   u - +1 hat
rElec    .         Reflect  .   b - +0 cloak
rCorr    .         Harm     .   (no gloves)
MR       .....                  (no boots)
Stlth    ..........             (no amulet)
HPRegen  0.26/turn              i - ring of stealth
MPRegen  0.10/turn              x - +3 ring of strength

@: berserking, very quick
A: retaliatory headbutt, horns 2
a: Berserk, Trog's Hand, Renounce Religion


You were on level 6 of the Dungeon.
You worshipped Trog.
Trog was most pleased with you.
You were very hungry.

You visited 1 branch of the dungeon, and saw 6 of its levels.

You collected 274 gold pieces.

Inventory:

Hand Weapons
 r - a +0 war axe (weapon)
Armour
 b - a +0 cloak (worn)
 e - a +0 leather armour (worn)
 u - a +1 hat (worn)
Jewellery
 i - a ring of stealth (left hand)
 x - a +3 ring of strength (right hand)
Scrolls
 d - 6 scrolls of identify {unknown}
 f - 2 scrolls of random uselessness {unknown}
 h - a scroll of amnesia {unknown}
 j - a scroll of enchant armour {unknown}
 k - 4 scrolls of remove curse {unknown}
 m - 3 scrolls of teleportation {unknown}
 v - a scroll of magic mapping {unknown}
Potions
 a - 2 potions of might {unknown}
 g - a potion of agility {unknown}
 l - 2 potions of invisibility {unknown}
 n - a potion of haste {unknown}
 o - a potion of heal wounds {unknown}
 p - a potion of flight {unknown}
 q - a potion of degeneration {unknown}
 s - 2 potions of curing {unknown}
 t - a potion of berserk rage {unknown}
Comestibles
 c - 5 rations


   Skills:
 - Level 3.6 Fighting
 + Level 12.0 Axes
 - Level 2.4 Armour
 - Level 2.1 Dodging


You had 7 spell levels left.
You didn't know any spells.
Your spell library was empty.

Dungeon Overview and Level Annotations

Branches:
Dungeon (6/15)
 Temple: D:4-7

Altars:
Cheibriados
Hepliaklqana
Makhleb
Okawaru
Ru
Trog
Xom
Zin


Innate Abilities, Weirdness & Mutations

You reflexively headbutt those who attack you in melee.
You have a pair of horns on your head.


Message History

You closely miss the orc warrior.
The orc warrior is heavily wounded.
You closely miss the orc warrior.
The orc warrior is heavily wounded.
The orc warrior hits you with a battleaxe.
You slash the orc warrior!
The orc warrior is severely wounded.
The orc warrior hits you with a battleaxe!!
* * * LOW HITPOINT WARNING * * *
You barely miss the orc warrior.
The orc warrior is severely wounded.
A red film seems to cover your vision as you go berserk!
You feel yourself moving faster!
You feel mighty!
You are feeling very hungry.
The orc warrior hits you with a battleaxe!
* * * LOW HITPOINT WARNING * * *
You closely miss the orc warrior. Your headbutt misses the orc warrior.
The orc warrior is severely wounded.
The orc warrior hits you with a battleaxe!
You die...

...........[.....#
####..).....##...#
#.####.#.##...# #
#........#
#.####...# #.#
##...# #.# #....#
#.###....#
#.....@o.#
#.###))..# #....#
.....# ......#
##.....# #.?...#
#......


You could see an orc warrior.

Vanquished Creatures
  An ice beast (D:5)
  2 phantoms
  2 ogres
  A centaur (D:5)
  A howler monkey (D:4)
  A crimson imp (D:4)
  5 orc priests
  2 hounds
  2 orc wizards (D:4)
  A centaur skeleton (D:4)
  Natasha (D:2)
  5 worker ants
  3 gnolls (D:4)
  4 adders
  A howler monkey skeleton (D:5)
  An ooze (D:1)
  2 adder skeletons
  3 worms
  4 dart slugs
  A leopard gecko (D:5)
  18 orcs
  5 giant cockroaches
  13 goblins
  5 hobgoblins
  4 jackals (D:3)
  5 quokkas
  A ball python (D:1)
  4 bats
  5 frilled lizards
  8 kobolds
  A leopard gecko skeleton (D:5)
  11 rats
123 creatures vanquished.

Notes
Turn   | Place    | Note
-------+----------+-------------------------------------------
     0 | D:1      | Mirvelgyr the Minotaur Berserker began the quest for the Orb.
     0 | D:1      | Reached XP level 1. HP: 19/19 MP: 0/0
    37 | D:1      | Reached skill level 4 in Axes
   266 | D:1      | Reached XP level 2. HP: 20/26 MP: 1/1
   557 | D:1      | Reached skill level 5 in Axes
   560 | D:1      | Reached XP level 3. HP: 22/31 MP: 2/2
   732 | D:1      | Reached ** piety under Trog
  1090 | D:2      | Found a hazy altar of Hepliaklqana.
  1466 | D:2      | Noticed Natasha
  1470 | D:2      | Killed Natasha
  1470 | D:2      | Reached skill level 6 in Axes
  1470 | D:2      | Reached XP level 4. HP: 39/39 MP: 3/3
  1593 | D:2      | Found a shimmering altar of Xom.
  1593 | D:2      | Found a snail-covered altar of Cheibriados.
  2296 | D:4      | Found a bloodstained altar of Trog.
  2296 | D:4      | Noticed a phantom
  2298 | D:4      | Reached skill level 7 in Axes
  2298 | D:4      | Reached XP level 5. HP: 45/45 MP: 4/4
  2302 | D:4      | Killed a phantom
  2302 | D:4      | Reached skill level 8 in Axes
  2303 | D:4      | Reached XP level 6. HP: 51/51 MP: 5/5
  2610 | D:4      | Reached skill level 9 in Axes
  3016 | D:4      | Found a burning altar of Makhleb.
  3026 | D:4      | Found an iron altar of Okawaru.
  3135 | D:4      | Reached *** piety under Trog
  3135 | D:4      | Reached XP level 7. HP: 52/57 MP: 6/6
  3569 | D:5      | Entered Level 5 of the Dungeon
  3594 | D:5      | Reached skill level 10 in Axes
  3911 | D:5      | Found a sacrificial altar of Ru.
  3997 | D:5      | Reached skill level 11 in Axes
  4012 | D:5      | Found a glowing silver altar of Zin.
  4034 | D:5      | Reached XP level 8. HP: 36/64 MP: 7/7
  4295 | D:6      | Reached skill level 12 in Axes
  4308 | D:6      | Slain by an orc warrior

Vault maps used:
D:1:      onia_arrival_handbag
D:2:      old_standard_altar, gammafunk_temple_overflow_statue, glass_columns_a,
          minmay_circled_x, uniq_natasha
D:3:      first_ration
D:4:      lemuel_crystal_altar, amethyst_overflow_temple_binary
D:5:      old_standard_altar, nicolae_ru_path_of_blood
D:6:      grunt_qazlal_sundering, minmay_temple_entry_junction, serial_shops,
          nicolae_shop_statue_plus, uniq_duvessa

Skill      XL: |  1  2  3  4  5  6  7  8 |
---------------+-------------------------+-----
Axes           | 4 5 6 7 8 9 11 12 | 12.0
Fighting       | |  3.6
Armour         | |  2.4
Dodging        | |  2.1

Action                   |  1- 3 |  4- 6 |  7- 9 || total
-------------------------+-------+-------+-------++-------
Melee: Hand axe          |    87 |    64 |       ||   151
       Headbutt          |    15 |    22 |    13 ||    50
       War axe           |       |    35 |    80 ||   115
Invok: Trog's Hand       |     1 |     1 |       ||     2
       Berserk           |       |     1 |     1 ||     2
 Stab: Sleeping          |       |     2 |     2 ||     4
  Eat: Chunk             |     2 |     6 |     4 ||    12
Armor: Leather armour    |    12 |     9 |    11 ||    32
       Animal skin       |     2 |       |       ||     2
Dodge: Dodged            |    51 |    53 |    51 ||   155

Table legend:
 A = Spawn XP
 B = Non-spawn XP
 C = Spawn XP percentage of total XP
 D = Spawn monster count
 E = Non-spawn monster count
 F = Spawn count percentage of total count
 G = Total turns spent on level
                    A         B        C        D         E        F      G
               +---------+---------+-------+---------+---------+-------+---------
         Total |       0 |    1739 |   0.0 |       0 |     123 |   0.0 |  4308
               +---------+---------+-------+---------+---------+-------+---------
           D:1 |       0 |      54 |   0.0 |       0 |      32 |   0.0 |   951
           D:2 |       0 |      81 |   0.0 |       0 |      16 |   0.0 |   773
           D:3 |       0 |      39 |   0.0 |       0 |      20 |   0.0 |   572
           D:4 |       0 |     652 |   0.0 |       0 |      32 |   0.0 |  1273
           D:5 |       0 |     728 |   0.0 |       0 |      18 |   0.0 |   696
           D:6 |       0 |     185 |   0.0 |       0 |       5 |   0.0 |    43
               +---------+---------+-------+---------+---------+-------+---------
